 Dungeon Crawl Stone Soup version 0.21-a0-225-g207ae17 (webtiles) character file.

2419 Moloch the Fighter (level 9, 0/78 HPs)
             Began as a Mummy Fighter on Aug 28, 2017.
             Was an Initiate of Ru.
             Slain by an orc warrior
             ... wielding a +0 glaive
              (6 damage)
             ... on level 8 of the Dungeon.
             The game lasted 00:11:25 (6157 turns).

Moloch the Fighter (Mummy Fighter)                  Turns: 6157, Time: 00:11:25

Health: 0/78       AC: 16    Str: 20    XL:     9   Next: 24%
Magic:  5/9        EV:  6    Int:  5    God:    Ru [......]
Gold:   574        SH:  9    Dex: 14    Spells: 3/8 levels left

rFire    + . .     SeeInvis .   v - +1 war axe (elec)
rCold    . . .     Gourm    .   c - +0 shield
rNeg     + + +     Faith    .   g - +4 chain mail
rPois    ∞         Spirit   .   (no helmet)
rElec    .         Reflect  .   b - +0 cloak
rCorr    .         Harm     .   (no gloves)
MR       +....                  i - +0 pair of boots
Stlth    ..........             (no amulet)
HPRegen  0.23/turn              u - ring of protection from fire
MPRegen  0.11/turn              p - ring of fire

@: no status effects
A: no food or potions, fire vulnerability, cold resistance 1, dopey 1, negative
energy resistance 3, torment resistance, unbreathing
a: Renounce Religion


You were on level 8 of the Dungeon.
You worshipped Ru.
Ru was noncommittal.
You were not hungry.

You visited 2 branches of the dungeon, and saw 9 of its levels.

You collected 574 gold pieces.

Inventory:

Hand Weapons
 a - a +0 trident
 e - a +0 short sword of venom
 v - a +1 war axe of electrocution (weapon)
Missiles
 l - 6 steel tomahawks (quivered)
Armour
 b - a +0 cloak (worn)
 c - a +0 shield (worn)
 g - a +4 chain mail (worn)
 i - a +0 pair of boots (worn)
Jewellery
 j - an uncursed ring of protection from cold
 o - an uncursed ring of resist corrosion
 p - a ring of fire (right hand)
 s - an uncursed ring of protection from cold
 u - a ring of protection from fire (left hand)
 w - a +2 ring of protection {unknown}
Wands
 r - a wand of lightning (15/15)
 x - a wand of random effects (11/48)
Scrolls
 d - 3 scrolls of teleportation
 f - 5 scrolls of identify {unknown}
 h - a scroll of remove curse
 k - a scroll of blinking {unknown}
 m - a scroll of enchant weapon {unknown}
 n - a scroll of random uselessness
 q - a scroll of enchant armour {unknown}
 t - a scroll of amnesia
 y - 2 scrolls of recharging


   Skills:
 * Level 9.8 Fighting
 - Level 2.1 Polearms
 + Level 6.4 Armour
 + Level 2.7 Dodging
 - Level 2.4 Shields


You had 3 spell levels left.
You knew the following spells:

 Your Spells              Type           Power        Failure   Level  Hunger
a - Song of Slaying       Chrm           #.......     100%        2    N/A
b - Spectral Weapon       Hex/Chrm       #.......     100%        3    N/A

Dungeon Overview and Level Annotations

Branches:
Dungeon (8/15)             Temple (1/1) D:4
   Lair: D:8-11

Altars:
Ashenzari
Cheibriados
Hepliaklqana
Makhleb
Nemelex Xobeh
Okawaru
Qazlal
Ru
Trog
Uskayaw
Vehumet
Wu Jian
Zin
The Shining One

Annotations:
D:8 p0werm0de's ghost, novice DgWn


Innate Abilities, Weirdness & Mutations

You do not eat or drink.
Your flesh is vulnerable to fire.
You are immune to poison.
Your flesh is cold resistant. (rC+)
You are dopey. (Int -2)
You are immune to negative energy. (rN+++)
You are immune to unholy pain and torment.
You can survive without breathing.


Message History

It was a scroll of random uselessness.
You block the adder's attack. You block the orc warrior's attack.
As you read the scroll labeled SYETEIXIYFF, it crumbles to dust.
It is a scroll of recharging.
Charge which item? (? for menu, Esc to quit)
Your wand of lightning (?/15) glows for a moment.
The adder barely misses you. The adder bites you but does no damage.
As you read the scroll labeled REILLO VIOSMO, it crumbles to dust.
You feel blessed for a moment.
It was a scroll of remove curse.
The orc warrior hits you but does no damage.
The adder bites you.
* * * LOW HITPOINT WARNING * * *
As you read the scroll labeled GOKETAFOOM, it crumbles to dust.
It is a scroll of amnesia.
Forget which spell ([?*] list [ESC] exit)?
Forget which spell ([?*] list [ESC] exit)?
Okay, then.
The adder bites you but does no damage.
The orc warrior hits you from afar with a glaive.
You die...

..+......
..#....####
..+.......
..#.....## ####
..#......# #..#
.........# #..#
###.._...#
#..######
..+..8..##
#..o....# ###.._..#
#@#####.#
#.....########S#
#.#
##............Go
#.#
####...#########.##
#o#
.....†............
#.#
#####..#..........
.a.
.......#>####.....
#.# ##.###.#.#
..... ... #.# #.#.#
.##


You could see an eye of draining, an orc warrior, an adder and an orc.

Vanquished Creatures
  Duvessa (D:4)
  An ice beast (D:7)
  A sky beast (D:7)
  An orc warrior (D:5)
  4 ogres
  4 centaurs
  A big kobold (D:8)
  A bullfrog (D:8)
  Dowan (D:4)
  3 scorpions
  3 crimson imps (D:5)
  2 centaur zombies
  4 orc priests
  Crazy Yiuf (D:4)
  A bullfrog skeleton (D:6)
  A hound (D:5)
  A jelly (D:4)
  2 gnoll shamans (D:7)
  2 iguanas
  Natasha (thrice) (D:4 D:5)
  An orc wizard (D:4)
  5 worker ants
  13 gnolls
  8 adders
  An ooze (D:2)
  An adder skeleton (D:6)
  2 worms
  3 dart slugs
  4 leopard geckos
  19 orcs
  A ball python (D:7)
  8 bats
  6 giant cockroaches
  5 goblins
  7 hobgoblins
  7 jackals
  16 kobolds
  5 frilled lizards (D:1)
  2 quokka skeletons
  7 rats
159 creatures vanquished.

Notes
Turn   | Place    | Note
-------+----------+-------------------------------------------
     0 | D:1      | Moloch the Mummy Fighter began the quest for the Orb.
     0 | D:1      | Reached XP level 1. HP: 18/18 MP: 1/1
    75 | D:1      | Reached XP level 2. HP: 15/24 MP: 2/2
   456 | D:1      | Reached skill level 4 in Fighting
   613 | D:2      | Reached XP level 3. HP: 30/30 MP: 3/3
  1063 | D:3      | Reached XP level 4. HP: 38/38 MP: 4/4
  1304 | D:3      | Reached skill level 5 in Fighting
  1793 | D:4      | Reached XP level 5. HP: 36/44 MP: 5/5
  1817 | D:4      | Noticed a centaur
  1824 | D:4      | Killed a centaur
  2010 | D:4      | Reached skill level 6 in Fighting
  2010 | D:4      | Reached XP level 6. HP: 31/52 MP: 6/6
  2204 | D:4      | Found a runed door.
  2301 | D:4      | Found a staircase to the Ecumenical Temple.
  2310 | Temple   | Entered the Ecumenical Temple
  2339 | Temple   | Became a worshipper of Ru the Awakened
  2514 | D:4      | Noticed Natasha
  2522 | D:4      | Killed Natasha
  2618 | D:4      | Noticed Duvessa
  2618 | D:4      | Noticed Dowan
  2636 | D:4      | Killed Duvessa
  2636 | D:4      | Reached skill level 1 in Dodging
  2637 | D:4      | Killed Dowan
  2680 | D:4      | Reached XP level 7. HP: 44/59 MP: 7/7
  2845 | D:4      | Noticed Natasha
  2862 | D:4      | Killed Natasha
  2940 | D:4      | Noticed Crazy Yiuf
  2946 | D:4      | Killed Crazy Yiuf
  2977 | D:5      | Entered Level 5 of the Dungeon
  3023 | D:5      | Noticed Natasha
  3029 | D:4      | Reached skill level 7 in Fighting
  3069 | D:5      | Killed Natasha
  3522 | D:5      | Reached XP level 8. HP: 51/68 MP: 8/8
  3534 | D:5      | Reached skill level 5 in Armour
  3717 | D:5      | Reached skill level 8 in Fighting
  3981 | D:5      | Gained mutation: You are dopey. (Int -2) [Ru sacrifice]
  4372 | D:6      | Learned a level 2 spell: Song of Slaying
  4376 | D:6      | Learned a level 3 spell: Spectral Weapon
  4987 | D:7      | Reached skill level 9 in Fighting
  5056 | D:7      | Found a glowing golden altar of the Shining One.
  5059 | D:7      | Found a hide-covered altar of Uskayaw.
  5062 | D:7      | Found a burning altar of Makhleb.
  5275 | D:7      | Reached XP level 9. HP: 54/76 MP: 9/9
  5690 | D:8      | Noticed p0werm0de's ghost (novice DgWn)
  6025 | D:8      | Found a sparkling altar of Nemelex Xobeh.
  6026 | D:8      | Found a shattered altar of Ashenzari.
  6157 | D:8      | Slain by an orc warrior

Vault maps used:
D:1:      dpeg_arrival_long_road, minmay_cut_off
D:4:      lemuel_temple_firewalk_b, first_bread, uniq_crazy_yiuf_cottage,
          uniq_natasha, uniq_duvessa
D:7:      grunt_temple_overflow_diamond
D:8:      chequers_temple_overflow_statue_of_worship, lemuel_blue_sif_altar
Temple:   eino_temple_rhombus

Skill      XL: |  1  2  3  4  5  6  7  8 |
---------------+-------------------------+-----
Fighting       | 4 5 6 7 9 |  9.8
Polearms       | 2 |  2.1
Armour         | 3 4 6 |  6.4
Dodging        | 1 2 |  2.7
Shields        | |  2.4

Action                   |  1- 3 |  4- 6 |  7- 9 || total
-------------------------+-------+-------+-------++-------
Melee: Trident           |    12 |       |       ||    12
       Short sword       |   123 |   146 |   291 ||   560
       War axe           |       |       |   104 ||   104
Invok: Sacrifice Purity  |       |       |     1 ||     1
  Use: Scroll            |       |       |     6 ||     6
Armor: Scale mail        |    60 |    67 |       ||   127
       Chain mail        |       |     1 |   207 ||   208
Dodge: Dodged            |    29 |    35 |    74 ||   138
Block: Shield            |    53 |    69 |   190 ||   312

Table legend:
 A = Spawn XP
 B = Non-spawn XP
 C = Spawn XP percentage of total XP
 D = Spawn monster count
 E = Non-spawn monster count
 F = Spawn count percentage of total count
 G = Total turns spent on level
                    A         B        C        D         E        F      G
               +---------+---------+-------+---------+---------+-------+---------
         Total |     332 |    3124 |   9.6 |      15 |     144 |   9.4 |  6157
               +---------+---------+-------+---------+---------+-------+---------
           D:1 |       1 |      39 |   2.5 |       1 |      20 |   4.8 |   585
           D:2 |       2 |      50 |   3.8 |       1 |      18 |   5.3 |   440
           D:3 |       0 |      82 |   0.0 |       0 |      26 |   0.0 |   759
           D:4 |      13 |     808 |   1.6 |       1 |      21 |   4.5 |  1221
           D:5 |     171 |     747 |  18.6 |       5 |      14 |  26.3 |   971
           D:6 |       0 |     308 |   0.0 |       0 |      11 |   0.0 |   724
           D:7 |     145 |     640 |  18.5 |       7 |      20 |  25.9 |  1182
           D:8 |       0 |     450 |   0.0 |       0 |      14 |   0.0 |   229
               +---------+---------+-------+---------+---------+-------+---------
